[Event "Early-Titled-Tuesday-Blitz-July-09-2024"]
[Site "Chess.com"]
[Date "2024.07.09"]
[Round "8"]
[White "zverr1"]
[Black "Payyappat"]
[Result "1-0"]
[WhiteElo "2544"]
[BlackElo "2411"]
[TimeControl "180+1"]
[EndTime "9:29:30 PDT"]
[Termination "zverr1 won by resignation"]

1. e4 c6 2. d4 d5 3. Nc3 dxe4 4.
Nxe4 Nf6 5. Nxf6+ exf6 6. Bc4 Na6 7. Nf3 Nc7 8. Bf4 Nd5 9. Qe2+ Be6 10. Bd2 Qb6 11. O-O Be7 12. Bb3 O-O 13. c4 Nc7 14.
d5 cxd5 15. cxd5 Nxd5 16. Bxd5 Bxd5 17. Qxe7 Bxf3 18. gxf3 Qxb2 19. Qb4 Qe5 20. Qe4 Rad8 21. Qxe5 fxe5 22. Be3 a6 23. Rfd1 f6 24. Rac1 h5 25. f4 e4 26. Kg2 Rxd1 27. Rxd1 Rf7 28. f5 Rc7 29. Kg3 Rc2 30. Rd2 Rc4 31. Kf4 Kh7 32. Rd4 Rc2 33. a4 Rb2 34. Kxe4 b5 35. axb5 axb5 36.
Rd7 b4 37. Bd4 Re2+ 38. Kf3 Rd2 39. Ke3 Rd1 40. Ke2 Rg1 41. Bxf6 b3 42. Be5 Rg5 43.
f4 Rxf5 44. Rxg7+ Kh6 45. Rb7 h4 46. Rxb3 Kh5 47. Kf3 Rf8 48. Ke4 Rg8 49. Kf5 Rg2 50. Rb7 1-0

[Event "Early-Titled-Tuesday-Blitz-July-09-2024"]
[Site "Chess.com"]
[Date "2024.07.09"]
[Round "8"]
[White "Resignify"]
[Black "Chernov_Alexander_A"]
[Result "0-1"]
[WhiteElo "2250"]
[BlackElo "2273"]
[TimeControl "180+1"]
[EndTime "9:29:30 PDT"]
[Termination "Chernov_Alexander_A won on time"]

1. e4 e5 2. Nf3 Nc6 3. Bb5 Bc5 4. c3 Nf6 5. d3 O-O 6. O-O d5 7. Nbd2 dxe4 8. dxe4 Qe7 9. Qe2 a6 10. Ba4 Rd8 11.
Bc2 Be6 12. Nc4 Nd7 13. Ng5 Nf8 14. Nxe6 Nxe6 15. g3 Qf6 16. Be3 Bxe3 17. Nxe3 Ne7 18. Ng4 Qh6 19. Nxe5 Rd2 20. Qc4 Rxc2 21. Nxf7 Kxf7 22.
Rad1 Rd2 23. Rxd2 Qxd2 24. f4 b5 25. Qb3 Qe3+ 26. Rf2 Rd8 27. f5 Qxe4 28. fxe6+ Ke8 29. Kf1 Rd3 0-1

[Event "Early-Titled-Tuesday-Blitz-July-09-2024"]
[Site "Chess.com"]
[Date "2024.07.09"]
[Round "8"]
[White "Meri-Arabidze"]
[Black "SVijayalakshmi"]
[Result "1-0"]
[WhiteElo "2698"]
[BlackElo "2549"]
[TimeControl "180+1"]
[EndTime "9:29:31 PDT"]
[Termination "Meri-Arabidze won by resignation"]

1. d4 Nf6 2. c4 e6 3. Nc3 Bb4 4. f3 O-O 5. e4 d5 6. cxd5 exd5 7. e5 Ne8 8. a3 Be7 9. Bd3 f5 10. f4 c6 11. Nf3 Na6 12. O-O Nac7 13. b4 a6 14. Qc2 g6 15. Be3 Ng7 16. Rfb1 Bd7 17. a4 Qe8 18. b5 axb5 19. axb5 Rxa1 20. Rxa1 Nxb5 21. Bxb5 cxb5 22. Nxd5 Bc6 23. Qb3 Kh8 24. Nxe7 Qxe7 25. d5 Bd7 26. e6 Nxe6 27. dxe6 Bxe6 28. Qc3+ Kg8 29. Qe5 Qf6 30. Rb1 Bc4 31. Bd4 Qxe5 32. Nxe5 Rd8 33. Nxc4 Rxd4 34. Ne5 Rxf4 35. Rxb5 Re4 36.
Kf2 b6 37. Nd7 Rd4 38. Nxb6 Rd2+ 39. Kf3 Kg7 40. Nc4 Rc2 41. Ne3 Rc7 42. h4 Kh6 43. g3 Kh5 44. Nd5 Rc3+ 45. Nxc3 1-0

[Event "Early-Titled-Tuesday-Blitz-July-09-2024"]
[Site "Chess.com"]
[Date "2024.07.09"]
[Round "8"]
[White "YaWaleriy"]
[Black "Gyulamiryan-koryun"]
[Result "0-1"]
[WhiteElo "2400"]
[BlackElo "1903"]
[TimeControl "180+1"]
[EndTime "9:29:31 PDT"]
[Termination "Gyulamiryan-koryun won on time"]

1. d4 Nf6 2. Nf3 g6 3. c4 c5 4. d5 b5 5. cxb5 a6 6. bxa6 Bxa6 7. Nc3 Bg7 8. e4 Bxf1 9. Kxf1 d6 10. g3 O-O 11.
Kg2 Nbd7 12. a4 Qa5 13. Ra3 Rfb8 14. Re1 Nb6 15. Qe2 Ng4 16. Bd2 Qa6 17. b3 Ne5 18.
Nxe5 Bxe5 19. Nb5 Qb7 20. f4 Bg7 21. Rb1 Nd7 22. Ra2 Nf6 23. Rc2 h5 24. h3 Rc8 25.
Rbc1 Qd7 26. Qf3 e6 27. dxe6 Qxe6 28. Re1 Rab8 29. e5 dxe5 30. Rxe5 Qb6 31. Be3 Nd7 32. Rd5 Qe6 33. Rcd2 Nf6 34. Rd6 Qxb3 35. Bf2 Qxa4 36. Nc3 Qc4 37. Nd5 Nxd5 38. R6xd5 Kh7 39. f5 Rb3 0-1

[Event "Early-Titled-Tuesday-Blitz-July-09-2024"]
[Site "Chess.com"]
[Date "2024.07.09"]
[Round "8"]
[White "Boundless_Strike"]
[Black "PLAYER_2006_M"]
[Result "1-0"]
[WhiteElo "2818"]
[BlackElo "2935"]
[TimeControl "180+1"]
[EndTime "9:29:32 PDT"]
[Termination "Boundless_Strike won by checkmate"]

1. d4 e6 2. e4 d5 3. Be3 dxe4 4. f3 Nf6 5. fxe4 Nxe4 6. Bd3 Nf6 7. Nf3 Be7 8. O-O O-O 9. Nc3 Nbd7 10. Qe1 Nd5 11. Nxd5 exd5 12. Qg3 Bd6 13. Bxh7+ Kh8 14. Qh3 Nf6 15.
Bf5+ Kg8 16. Ng5 Re8 17. Rf3 Rxe3 18. Rxe3 Bf4 19. Rae1 Bxf5 20. Qxf5 Bxe3+ 21. Rxe3 Qd6 22. c3 c6 23. h3 a5 24. a4 Rf8 25. Re5 g6 26. Qf2 Nd7 27. Re3 Nb6 28. Qh4 Kg7 29.
Qh7+ Kf6 30. Rf3+ Ke7 31. Nxf7 Rxf7 32. Rxf7+ Ke6 33. Qxg6# 1-0

[Event "Early-Titled-Tuesday-Blitz-July-09-2024"]
[Site "Chess.com"]
[Date "2024.07.09"]
[Round "8"]
[White "Resourchess"]
[Black "Knightmare1014"]
[Result "1-0"]
[WhiteElo "2375"]
[BlackElo "2255"]
[TimeControl "180+1"]
[EndTime "9:29:33 PDT"]
[Termination "Resourchess won by resignation"]

1. d4 d5 2. c4 e6 3. Nc3 Nf6 4.
cxd5 exd5 5. Bg5 c6 6. Qc2 Be7 7. e3 Nbd7 8. Bd3 h6 9. Bf4 Nh5 10. Nf3 Nxf4 11. exf4 O-O 12. O-O Re8 13. Rae1 Nf8 14.
Ne5 Be6 15. f5 Bd7 16. Qb3 Bd6 17. Nxf7 Kxf7 18. Nxd5 cxd5 19. Qxd5+ Ne6 20. Qxd6 Qe7 21. Qg3 Qf6 22. fxe6+ Bxe6 23. Re3 Kg8 24. Rfe1 Bf7 25. Qg4 Red8 26. Qe4 Rxd4 27. Qh7+ Kf8 28. Qh8+ Bg8 29. Bh7 Qf7 30. Bxg8 Qxg8 31. Re8+ Rxe8 32. Rxe8+ Kxe8 33. Qxg8+ Kd7 34. Qxg7+ 1-0

[Event "Early-Titled-Tuesday-Blitz-July-09-2024"]
[Site "Chess.com"]
[Date "2024.07.09"]
[Round "8"]
[White "osielchesslover2011"]
[Black "kyawmyataung2005"]
[Result "0-1"]
[WhiteElo "2190"]
[BlackElo "2336"]
[TimeControl "180+1"]
[EndTime "9:29:34 PDT"]
[Termination "kyawmyataung2005 won by resignation"]

1. e4 e5 2. Nf3 Nc6 3. d4 exd4 4. Bc4 Nf6 5. O-O Nxe4 6. Nc3 Nxc3 7. bxc3 d5 8. Bb5 Be7 9. cxd4 O-O 10. Bf4 Na5 11. Qd2 c6 12. Bd3 Nc4 13. Bxc4 dxc4 14. Ne5 Be6 15.
c3 c5 16. Rad1 cxd4 17. cxd4 Qd5 18. Rfe1 Rac8 19. Qc3 b5 20. Qg3 Bf6 21. h4 Kh8 22. h5 h6 23. Qe3 Kh7 24. g4 c3 25. g5 hxg5 26. Bxg5 Bxg5 27. Qxg5 c2 28. Rd3 Qd8 29.
Qf4 Qf6 30. Qe3 Bf5 31. Rc3 Rxc3 32. Qxc3 Qg5+ 33. Kf1 Rc8 34. Qb2 c1=Q 0-1

[Event "Early-Titled-Tuesday-Blitz-July-09-2024"]
[Site "Chess.com"]
[Date "2024.07.09"]
[Round "8"]
[White "dropstoneDP"]
[Black "eljanov"]
[Result "1/2-1/2"]
[WhiteElo "3043"]
[BlackElo "2936"]
[TimeControl "180+1"]
[EndTime "9:29:35 PDT"]
[Termination "Game drawn by repetition"]

1. e4 c6 2. Nc3 d5 3. Nf3 dxe4 4. Nxe4 Nf6 5. Qe2 Nxe4 6. Qxe4 Be6 7. Nd4 Bd5 8. Qe3 c5 9. Bb5+ Nd7 10. Nb3 e6 11.
Nxc5 Bxc5 12. Qxc5 a6 13. Bxd7+ Qxd7 14. Qd4 Qc6 15.
Qxg7 O-O-O 16. Qc3 Bxg2 17. Rg1 Rhg8 18. d3 Qxc3+ 19.
bxc3 h5 20. h4 Rg4 21. Rb1 Rdg8 22. Rb4 f6 23. Be3 e5 24. a3 b5 25. Kd2 Kd7 26.
Ra1 Bc6 27. Rab1 Rxb4 28. Rxb4 Rg1 29. c4 Ra1 30. cxb5 axb5 31. Bc5 Rxa3 32. Rd4+ exd4 33. Bxa3 Ke6 34. Bc5 Ke5 35. Ba7 Bd7 36. Bb8+ Kd5 37.
Ba7 Bg4 38. Bb6 Bf3 39. Ba7 Ke5 40. Bb6 Kd5 41. Ba7 Ke5 42. Bb6 Kd5 1/2-1/2

[Event "Early-Titled-Tuesday-Blitz-July-09-2024"]
[Site "Chess.com"]
[Date "2024.07.09"]
[Round "8"]
[White "chess_peak"]
[Black "SahibSinghKnight"]
[Result "1-0"]
[WhiteElo "2564"]
[BlackElo "2673"]
[TimeControl "180+1"]
[EndTime "9:29:35 PDT"]
[Termination "chess_peak won by resignation"]

1. d4 d5 2. c4 c6 3. Nf3 Nf6 4. Qc2 g6 5. Bf4 Na6 6. a3 Bg7 7. e3 O-O 8. h3 Bf5 9. Qb3 Qb6 10. Nbd2 Qxb3 11. Nxb3 dxc4 12. Bxc4 b5 13. Be2 Nd5 14. Bg3 Be6 15. Na5 Bd7 16. Rc1 c5 17. Ne5 Bxe5 18. Bxe5 c4 19. Kd2 Rfd8 20. e4 Nb6 21. Ke3 f6 22. Bg3 Rac8 23. h4 h6 24. Rhd1 Be8 25. f3 e6 26. b3 cxb3 27. Nxb3 Nc4+ 28. Bxc4 bxc4 29. Na5 Bb5 30. Be1 Rd7 31. Bc3 Rdc7 32. Rb1 e5 33. Rxb5 1-0

[Event "Early-Titled-Tuesday-Blitz-July-09-2024"]
[Site "Chess.com"]
[Date "2024.07.09"]
[Round "8"]
[White "adreyd"]
[Black "RTchess367"]
[Result "0-1"]
[WhiteElo "2401"]
[BlackElo "2301"]
[TimeControl "180+1"]
[EndTime "9:29:35 PDT"]
[Termination "RTchess367 won by checkmate"]

1. d4 Nf6 2. Bg5 Ne4 3. Bf4 d5 4. e3 Bf5 5. Bd3 Nd7 6. Nf3 h6 7. Nbd2 g5 8. Bg3 Bg7 9. O-O e6 10.
Qe2 h5 11. Be5 f6 12. Bxe4 dxe4 13. Nxg5 fxe5 14. Ngxe4 Qh4 15. Nc5 Nxc5 16. dxc5 O-O-O 17. c6 Bf6 18. Qb5 bxc6 19. Qa6+ Kd7 20. Nc4 Ke7 21. Qxc6 Rd7 22. Qc5+ Kf7 23. Nxe5+ Bxe5 24. Qxe5 Rg8 25. Rad1 Rxg2+ 26. Kxg2 Qg4+ 27. Qg3 Rxd1 28. Rxd1 Qxd1 29. Qxc7+ Kf6 30. Qc3+ Kg6 31. Qc6 Qg4+ 32. Kf1 Qd1+ 33. Kg2 Qg4+ 34. Kf1 Be4 35. Qc5 Qd1# 0-1

[Event "Early-Titled-Tuesday-Blitz-July-09-2024"]
[Site "Chess.com"]
[Date "2024.07.09"]
[Round "8"]
[White "Karttunen"]
[Black "ThanhNghia"]
[Result "1-0"]
[WhiteElo "2672"]
[BlackElo "2499"]
[TimeControl "180+1"]
[EndTime "9:29:36 PDT"]
[Termination "Karttunen won on time"]

1. e4 e5 2. Nf3 Nc6 3. Bc4 Be7 4. c3 Nf6 5. d3 O-O 6. a4 d5 7. exd5 Nxd5 8. a5 a6 9. O-O b5 10. Bb3 Bf5 11. Re1 Nf4 12. Bxf4 exf4 13. d4 Bd6 14. Nbd2 Re8 15. Rxe8+ Qxe8 16. Ng5 Bg6 17. Qf3 h6 18.
Bd5 hxg5 19. Bxc6 g4 20. Qd5 Qe2 21. Bxa8 Qxd2 22. Qb3 f3 23. g3 Bc2 24. Qd5 Qh6 25. h4 gxh3 26. Qxf3 Qd2 27. Bb7 Bg6 28. b4 Bd3 29.
Rd1 Qxc3 30. Qxd3 Qxb4 31. Bxa6 Qxa5 32. Bxb5 Qa8 33. d5 Qc8 34. Qf3 Qb7 35. Bd3 g6 36.
Kh2 Qb3 37. Kxh3 Qa4 38. Kg2 Bc5 39. Re1 1-0

[Event "Early-Titled-Tuesday-Blitz-July-09-2024"]
[Site "Chess.com"]
[Date "2024.07.09"]
[Round "8"]
[White "KevinGeorgeMicheal"]
[Black "Os55555"]
[Result "1-0"]
[WhiteElo "2529"]
[BlackElo "2332"]
[TimeControl "180+1"]
[EndTime "9:29:36 PDT"]
[Termination "KevinGeorgeMicheal won on time"]

1. Nf3 d5 2. d4 Nf6 3. c4 e6 4.
Nc3 c6 5. e3 Be7 6. Bd3 O-O 7.
O-O Nbd7 8. e4 dxe4 9. Nxe4 Nxe4 10. Bxe4 Nf6 11. Bc2 h6 12. Bf4 Qb6 13. b3 Rd8 14. Qe2 Qa5 15. Bd2 Qh5 16. h3 b6 17.
Rae1 Ba6 18. Bc3 Rac8 19. Qd3 g6 20. Re5 g5 21. Qe3 Nd7 22. Qd3 Nf6 23. Bd2 c5 24. Nxg5 Rxd4 25. Qg3 Kf8 26. Nxe6+ fxe6 27. Rxh5 Rxd2 28.
Rxh6 Ke8 29. Bg6+ Kd7 30. Qe3 Rd6 31. Bc2 Bb7 32. Rd1 Rg8 33. g3 Ne8 34. Qxe6+ 1-0

[Event "Early-Titled-Tuesday-Blitz-July-09-2024"]
[Site "Chess.com"]
[Date "2024.07.09"]
[Round "8"]
[White "Alex_Sahakyan2006"]
[Black "sirinbaba33"]
[Result "0-1"]
[WhiteElo "2736"]
[BlackElo "2597"]
[TimeControl "180+1"]
[EndTime "9:29:38 PDT"]
[Termination "sirinbaba33 won by checkmate"]

1. d4 Nf6 2. Nf3 d5 3. c3 Bf5 4.
Qb3 Qc8 5. c4 e6 6. Nc3 c6 7.
Bf4 Nbd7 8. cxd5 exd5 9. Rc1 a6 10. h3 Be6 11. e3 c5 12. dxc5 Nxc5 13. Qd1 Qd8 14. Be2 Be7 15. O-O O-O 16. Nd4 Rc8 17. a3 Qd7 18. Be5 Rfd8 19. f4 Qe8 20. Bf3 Nfd7 21.
Nxe6 fxe6 22. Bd4 Nf6 23. g4 Bd6 24. g5 Nfd7 25. b4 Ne4 26. Nxe4 Rxc1 27. Qxc1 dxe4 28. Bxe4 e5 29. fxe5 Bxe5 30. Qc4+ Kh8 31. Bf5 Bxd4 32. Qxd4 Ne5 33. Qe4 Qe7 34. h4 Rd2 35. Bxh7 Qd6 36. Bf5 Nf3+ 37. Rxf3 Qh2+ 38. Kf1 Qg2+ 39. Ke1 Qe2# 0-1

[Event "Early-Titled-Tuesday-Blitz-July-09-2024"]
[Site "Chess.com"]
[Date "2024.07.09"]
[Round "8"]
[White "ACollins05"]
[Black "prosequi"]
[Result "1-0"]
[WhiteElo "2496"]
[BlackElo "2344"]
[TimeControl "180+1"]
[EndTime "9:29:39 PDT"]
[Termination "ACollins05 won by resignation"]

1. d4 Nf6 2. c4 d6 3. Nf3 Nbd7 4. g3 e5 5. Bg2 g6 6. O-O Bg7 7. Nc3 O-O 8. Bg5 h6 9. Bxf6 Bxf6 10. dxe5 dxe5 11. Qd2 Bg7 12. Rfd1 c6 13. Qd6 Re8 14. Bh3 Bf8 15. Qd2 f5 16. e4 Qf6 17. Nh4 Nc5 18. exf5 gxf5 19. Qc2 f4 20. Bxc8 Raxc8 21. Qg6+ Qxg6 22. Nxg6 fxg3 23. hxg3 e4 24. Nf4 Bg7 25. Rac1 a5 26. Nh5 Be5 27. Re1 Nd3 28. Nxe4 Nxe1 29. Rxe1 Kf7 30. f4 Bc7 31. Kf2 Rcd8 32. Nhf6 Re6 33.
Ng4 Rde8 34. Kf3 b5 35. f5 Rxe4 36. Rxe4 Rxe4 37. Kxe4 Bxg3 38. Nxh6+ Kf6 39. Ng4+ Kg5 40. Ne5 bxc4 41. Nxc4 Be1 42. Ne5 c5 43. Nd3 Bg3 44. Nxc5 Kf6 45. a4 Bc7 46. Ne6 Bd6 47. Nd4 Bc7 48. Kd5 Bb6 49. b3 Ba7 50. Nc6 Bb6 51. Kc4 Kxf5 52. Kb5 Bf2 53. Nxa5 Ke6 54. Kc6 Be1 55.
Nb7 Ke7 56. a5 Bf2 57. b4 Ke6 58. b5 Be1 59. a6 Bf2 60. b6 1-0

[Event "Early-Titled-Tuesday-Blitz-July-09-2024"]
[Site "Chess.com"]
[Date "2024.07.09"]
[Round "8"]
[White "Massakru"]
[Black "AlainBruxelles"]
[Result "1-0"]
[WhiteElo "2381"]
[BlackElo "2259"]
[TimeControl "180+1"]
[EndTime "9:29:39 PDT"]
[Termination "Massakru won on time"]

1. e4 c6 2. d4 d5 3. f3 Qb6 4. Nc3 e6 5. a3 Nf6 6. e5 Nfd7 7. f4 c5 8. Nf3 Nc6 9. Be3 cxd4 10. Nxd4 Nxd4 11. Bxd4 Qa5 12. b4 Qd8 13. f5 Qh4+ 14. g3 Qg5 15. fxe6 fxe6 16. Nb5 Kd8 17. Qe2 a6 18. Nc3 Be7 19. Bh3 Nb8 20. O-O Nc6 21. Bb6+ Ke8 22. Rae1 Rf8 23. Rxf8+ Kxf8 24. Qf2+ Kg8 25.
Rf1 Qg6 26. Bc5 Bxc5 27. Qxc5 Bd7 28. Nxd5 Qe4 29. Nb6 Nd4 30. Nxd7 Ne2+ 31. Kf2 Nd4 32.
Qe7 Qe2+ 33. Kg1 Nf3+ 34. Rxf3 Qxf3 35. Bxe6+ Kh8 36. Qf7 Qd1+ 37. Kg2 Qxc2+ 38. Kh3 Qe2 39. Nf8 1-0

[Event "Early-Titled-Tuesday-Blitz-July-09-2024"]
[Site "Chess.com"]
[Date "2024.07.09"]
[Round "8"]
[White "Zohid6"]
[Black "DenLaz"]
[Result "0-1"]
[WhiteElo "2984"]
[BlackElo "3149"]
[TimeControl "180+1"]
[EndTime "9:29:40 PDT"]
[Termination "DenLaz won by resignation"]

1. e4 c5 2. Nf3 e6 3. Nc3 Nc6 4.
d4 cxd4 5. Nxd4 Qc7 6. Be3 a6 7. Qf3 Ne5 8. Qg3 h5 9. h4 d6 10. O-O-O b5 11. Bxb5+ axb5 12. Ndxb5 Qb8 13. Nxd6+ Bxd6 14.
Rxd6 Qxd6 15. Qxg7 Ng6 16. Rd1 Qe5 17. Qxe5 Nxe5 18.
Nb5 Rxa2 19. Nc7+ Ke7 20. Bc5+ Kf6 21. Rd8 Bb7 22. f3 Nc6 23. Rd7 Nge7 24. b4 Bc8 25. Rd3 Rd8 26. Bd6 Rxd6 27. Rxd6 Nxb4 28. Rd2 Nec6 29. Ne8+ Ke7 30. Nd6 Bd7 31. Nc4 e5 32. Ne3 Be6 33. g4 Nd4 34. gxh5 Nxf3 35. Rg2 Nxh4 36. Rg8 Ra1+ 37. Kb2 Rh1 38. Kc3 Nc6 39. Rg7 Nf3 40. Nd5+ Bxd5 41. exd5 Ncd4 42. d6+ Kxd6 43. Rxf7 Rxh5 44. Kd3 Rh3 45. Ra7 Ng5+ 46. Kc4 Nxc2 47.
Ra6+ Ke7 48. Ra2 Ne3+ 49. Kc5 Ne6+ 50. Kc6 Nf5 51. Kd5 Kf6 52. Ra6 Rd3+ 53. Ke4 Rd4+ 54. Kf3 e4+ 55. Ke2 e3 56. Kf3 Ke5 57. Ra5+ Rd5 58.
Ra2 Ned4+ 59. Kg2 Ke4 60. Ra3 e2 61. Kf2 Rc5 62. Ra1 Ne3 63. Rh1 Rf5+ 64. Ke1 Rf1+ 65. Kd2 Nc4+ 66. Kc3 Rxh1 0-1

[Event "Early-Titled-Tuesday-Blitz-July-09-2024"]
[Site "Chess.com"]
[Date "2024.07.09"]
[Round "8"]
[White "Vaporwaffle94"]
[Black "RedFirePanda"]
[Result "1-0"]
[WhiteElo "2278"]
[BlackElo "2444"]
[TimeControl "180+1"]
[EndTime "9:29:41 PDT"]
[Termination "Vaporwaffle94 won by checkmate"]

1. c4 Nf6 2. a3 e6 3. Nc3 d5 4. cxd5 exd5 5. e3 c6 6. Qc2 Bg4 7. d4 Bd6 8. Bd3 Bh5 9. f4 Ng4 10. Nf3 Nf6 11. O-O O-O 12. Ne5 Bg6 13. Bd2 Bxd3 14.
Qxd3 Nbd7 15. b4 Ne8 16. b5 Rc8 17. bxc6 bxc6 18. Rab1 f6 19. Nxd7 Qxd7 20. Na4 Nc7 21. Bb4 Bxb4 22. axb4 Nb5 23. Nc5 Qe7 24. Ra1 Rfe8 25.
Rf3 Nd6 26. Rh3 h6 27. Qg6 Kh8 28. g4 Rc7 29. f5 Ne4 30. Ne6 Rb7 31. Nxg7 Qxg7 32.
Rxh6+ Qxh6 33. Qxh6+ Kg8 34. Qg6+ Kf8 35. g5 Rg7 36.
Qh6 Nxg5 37. Qxf6+ Kg8 38. Kf1 Rxe3 39. Re1 Rf3+ 40.
Ke2 Rf4 41. Rg1 Re4+ 42. Kd1 Ne6 43. Rxg7+ Nxg7 44. Qxc6 Rxd4+ 45. Ke2 Nxf5 46. Qc8+ Kg7 47. Qxf5 Re4+ 48. Kd3 Rxb4 49. Qxd5 Rb6 50. Qd7+ Kh6 51.
Qxa7 Rd6+ 52. Ke3 Re6+ 53. Kf3 Rf6+ 54. Kg3 Rg6+ 55. Kh4 Rg7 56. Qe3+ Kh7 57. Kh5 Kh8 58. h4 Rh7+ 59. Kg4 Rg7+ 60. Kf3 Rf7+ 61. Ke2 Rg7 62. h5 Rg2+ 63. Kf3 Rg7 64. h6 Rf7+ 65. Kg4 Rf8 66. Kg5 Rg8+ 67. Kh5 Rf8 68. Qe6 Rf6 69. Qxf6+ Kh7 70.
Qg7# 1-0

[Event "Early-Titled-Tuesday-Blitz-July-09-2024"]
[Site "Chess.com"]
[Date "2024.07.09"]
[Round "8"]
[White "IMGC"]
[Black "mapleaff"]
[Result "1-0"]
[WhiteElo "2461"]
[BlackElo "2342"]
[TimeControl "180+1"]
[EndTime "9:29:41 PDT"]
[Termination "IMGC won by resignation"]

1. Nf3 Nf6 2. e3 d5 3. d4 g6 4. c4 Bg7 5. Nc3 O-O 6. Be2 c5 7. O-O Nc6 8. dxc5 dxc4 9. Bxc4 Qa5 10. Bb5 Rd8 11. Qa4 Qc7 12. e4 Bg4 13. Nd5 Nxd5 14. exd5 Bxf3 15. dxc6 Bxc6 16. Bxc6 Qxc6 17. Qxc6 bxc6 18.
Rb1 Rab8 19. b3 Bd4 20. Bf4 e5 21. Bg5 Rd5 22. b4 Bc3 23. Rb3 Bxb4 24. a3 e4 25. Be3 Rd3 26. Rxb4 Rxb4 27. axb4 Rb3 28. Bd2 Rb2 29.
Rd1 f5 30. Be1 Kf7 31. Rd7+ Ke6 32. Rd6+ Ke7 33. Rxc6 Rb1 34. Kf1 f4 35. Rc7+ Ke6 36. Rxa7 Kd5 37. Ra2 e3 38. Rc2 Ke4 39. c6 Kd3 40.
Rc3+ Kd4 41. c7 f3 42. fxe3+ Ke4 43. gxf3+ Kxf3 44. c8=Q 1-0

[Event "Early-Titled-Tuesday-Blitz-July-09-2024"]
[Site "Chess.com"]
[Date "2024.07.09"]
[Round "8"]
[White "Viacheslav92"]
[Black "CSB7"]
[Result "0-1"]
[WhiteElo "2592"]
[BlackElo "2771"]
[TimeControl "180+1"]
[EndTime "9:29:42 PDT"]
[Termination "CSB7 won by resignation"]

1. d4 d5 2. Bg5 f6 3. Bh4 Nh6 4. f3 Nc6 5. Bf2 e5 6. e3 exd4 7. exd4 Bd6 8. Bd3 Bf5 9. Ne2 O-O 10. O-O Re8 11. c3 Qd7 12. Ng3 Bxd3 13. Qxd3 Ne7 14. Nd2 c6 15. Rfe1 Nef5 16. Nxf5 Qxf5 17. Qxf5 Nxf5 18. g3 Kf7 19. Kf1 h5 20. Rxe8 Rxe8 21. Re1 Rh8 22. Kg2 g6 23. Nf1 h4 24. Ne3 h3+ 25. Kf1 Nxe3+ 26. Rxe3 g5 27. Ke2 f5 28. Kd3 f4 29. Re1 fxg3 30. Bxg3 Bxg3 31. hxg3 g4 32. Rh1 Kg6 33. Ke3 Kf5 34. Kf2 Re8 35. Rf1 Kg5 36.
f4+ Kf5 37. Rh1 b6 38. Rd1 Re7 39. Rc1 Rh7 40. Re1 Kf6 41. Kg1 Re7 42. Rxe7 Kxe7 43. Kf2 Kf6 44. Kf1 Kf5 45. Kf2 Ke4 46. Kg1 c5 47.
dxc5 bxc5 48. Kf2 d4 49. cxd4 cxd4 0-1

[Event "Early-Titled-Tuesday-Blitz-July-09-2024"]
[Site "Chess.com"]
[Date "2024.07.09"]
[Round "8"]
[White "MatthewG-p4p"]
[Black "Potosino1970"]
[Result "1-0"]
[WhiteElo "2917"]
[BlackElo "2712"]
[TimeControl "180+1"]
[EndTime "9:29:43 PDT"]
[Termination "MatthewG-p4p won by resignation"]

1. e4 d6 2. d4 Nf6 3. Nc3 Nbd7 4. Nf3 e5 5. Bc4 Be7 6. O-O O-O 7. h3 c6 8. a4 a5 9. Re1 exd4 10. Nxd4 Nc5 11. Ba2 Be6 12. Nxe6 fxe6 13. e5 dxe5 14. Qxd8 Raxd8 15. Rxe5 Nd5 16. Ne4 Nxe4 17. Rxe4 Bc5 18. Re2 Rf5 19.
Bd2 Rdf8 20. Be1 h5 21. Rd1 Kh7 22. Bc4 Nf4 23. Re4 e5 24. Rd7 Rg5 25. Kf1 Nxg2 26. h4 Rg6 27. Bd3 Nxe1 28. Kxe1 Kh6 29. Rxe5 Rg1+ 30. Kd2 Rxf2+ 31. Kc3 Bb4+ 32. Kb3 g6 33.
Re8 Rf8 34. Re6 Rg3 35. Rxb7 c5 36. Rd7 Rf4 37. Ka2 c4 38. Be4 Re3 39. Rd4 c3 40.
Rxg6+ Kh7 41. Rd7+ Kh8 42. Rh6+ Kg8 43. Bd5+ 1-0

[Event "Early-Titled-Tuesday-Blitz-July-09-2024"]
[Site "Chess.com"]
[Date "2024.07.09"]
[Round "8"]
[White "Ninocanina"]
[Black "chessmachine14"]
[Result "0-1"]
[WhiteElo "1907"]
[BlackElo "2230"]
[TimeControl "180+1"]
[EndTime "9:29:44 PDT"]
[Termination "chessmachine14 won by checkmate"]

1. d4 Nf6 2. c4 e6 3. Nc3 Bb4 4. e3 c5 5. Bd3 d5 6. Ne2 cxd4 7. exd4 dxc4 8. Bxc4 O-O 9. O-O b6 10. a3 Bxc3 11.
bxc3 Ba6 12. Bxa6 Nxa6 13. Qd3 Nb8 14. Bg5 h6 15. Bh4 Nbd7 16. c4 Rc8 17. Rac1 Qe7 18. a4 Rfd8 19. a5 Ne5 20. Qb3 Ned7 21. axb6 axb6 22.
Rfd1 e5 23. d5 Qd6 24. Nc3 Nc5 25. Qb1 Re8 26. Nb5 Qd7 27. Bxf6 gxf6 28. Rc3 e4 29. Qc1 Kh7 30. Rh3 e3 31. Rxe3 Rxe3 32. Qxe3 Rg8 33. Qf3 f5 34. Nd4 Kg6 35. Nc6 Kh7 36. Nd4 Kg6 37.
Nc6 Qd6 38. Re1 Ne4 39. Ne5+ Qxe5 40. Qh3 Kh7 41. Qh5 Rg6 42. f3 Qb2 43. Qh3 Qf2+ 44.
Kh1 Qxe1# 0-1

[Event "Early-Titled-Tuesday-Blitz-July-09-2024"]
[Site "Chess.com"]
[Date "2024.07.09"]
[Round "8"]
[White "Dreamer_01"]
[Black "chessbaerchen"]
[Result "0-1"]
[WhiteElo "2454"]
[BlackElo "2651"]
[TimeControl "180+1"]
[EndTime "9:29:46 PDT"]
[Termination "chessbaerchen won on time"]

1. c4 c5 2. Nf3 Nf6 3. g3 Nc6 4. Bg2 d5 5. cxd5 Nxd5 6. Nc3 Nc7 7. O-O e5 8. d3 Be7 9. b3 O-O 10. Bb2 Be6 11. Rc1 f6 12. Ne4 b6 13. a3 Bd5 14.
Nc3 Be6 15. Nd2 Qd7 16. b4 Rac8 17. bxc5 bxc5 18. Nce4 Na6 19. Nc4 Rb8 20. Ba1 Nd4 21.
e3 Nb3 22. Rc3 Rfd8 23. Rxb3 Bxc4 24. Rxb8 Nxb8 25. Qc1 Bxd3 26. Rd1 c4 27. Nc3 Kh8 28. Nd5 Bc5 29. Qc3 Qd6 30. h4 Nd7 31. h5 Nb6 32. Nb4 Na4 33. Qd2 Bxb4 34. axb4 h6 35. Qa2 Qxb4 36. Bf1 Nc5 37. Qxa7 Nb3 38. Bb2 Nd2 39.
Ba3 Qc3 40. Bxd3 Qxd3 41. Be7 Nf3+ 42. Kg2 Qxd1 43. Qb6 Ne1+ 0-1

[Event "Early-Titled-Tuesday-Blitz-July-09-2024"]
[Site "Chess.com"]
[Date "2024.07.09"]
[Round "8"]
[White "BashirliSaadat"]
[Black "malakismayil"]
[Result "1-0"]
[WhiteElo "2415"]
[BlackElo "2516"]
[TimeControl "180+1"]
[EndTime "9:29:46 PDT"]
[Termination "BashirliSaadat won on time"]

1. d4 d5 2. c4 c5 3. cxd5 Qxd5 4. e3 cxd4 5. exd4 Nc6 6. Nf3 Bg4 7. Nc3 Qa5 8. Be3 e6 9. Be2 Nf6 10. O-O Bd6 11.
Qb3 Qb4 12. Qxb4 Nxb4 13. Rac1 a6 14. a3 Nbd5 15. Rfd1 O-O 16. h3 Bh5 17. Kf1 Rac8 18. Ne5 Bxe2+ 19. Kxe2 Nxc3+ 20. bxc3 Bxa3 21. Rc2 Ne4 22. c4 Bb4 23. Kd3 Nd6 24. Rb1 a5 25. c5 Nb5 26.
Nc4 Rfd8 27. Nxa5 Na3 28. Rxb4 Nxc2 29. Kxc2 Rc7 30. Rxb7 Rxb7 31. Nxb7 Rc8 32. Nd6 Rc6 33.
Kc3 f6 34. Kb4 Ra6 35. Kb5 Ra2 36. Nc4 Kf7 37. c6 Ke7 38. Kc5 Rc2 39. Bf4 g5 40. Bd6+ Ke8 41. Kb4 Rxf2 42. c7 Kd7 43. Nb6+ Kxd6 44.
c8=Q Rb2+ 45. Kc3 Rxb6 46. Qc5+ Kd7 47. Qxb6 1-0

[Event "Early-Titled-Tuesday-Blitz-July-09-2024"]
[Site "Chess.com"]
[Date "2024.07.09"]
[Round "8"]
[White "Radislav_Atanasov"]
[Black "DucksParadise"]
[Result "0-1"]
[WhiteElo "2419"]
[BlackElo "2613"]
[TimeControl "180+1"]
[EndTime "9:29:47 PDT"]
[Termination "DucksParadise won on time"]

1. e4 c5 2. c3 d5 3. exd5 Nf6 4.
d4 cxd4 5. Nf3 Nxd5 6. cxd4 g6 7.
a3 Bg7 8. Be2 O-O 9. O-O Nc6 10.
Re1 Bg4 11. Nc3 e6 12. Be3 Rc8 13. h3 Bxf3 14. Bxf3 Nxe3 15. fxe3 Qe7 16. d5 Bxc3 17. bxc3 exd5 18. Bxd5 Ne5 19. Qb3 b6 20. c4 Qc5 21.
Kh1 Nxc4 22. e4 Ne5 23. Rf1 Qc2 24. Qg3 Qc3 25. Qf4 Nd3 26. Qf3 Ne5 27. Qf4 Qc7 28. Rac1 Qe7 29. Rcd1 Kg7 30. a4 f6 31. h4 h6 32. h5 g5 33. Qf5 Rc3 34. Rc1 Qc7 35. Rxc3 Qxc3 36. Qe6 Qc7 0-1